 Dungeon Crawl Stone Soup version 0.28-a0-664-gc179e30c89 (webtiles) character file.

Game seed: 2217722228803912309

9865 porpoise the Thaumaturge (level 11, -3/63 HPs)
             Began as a Deep Elf Conjurer on Oct 16, 2021.
             Was a Follower of Vehumet.
             Killed by an exploding death yak (26 damage)
             ... ignited by their inner flame
             ... on level 10 of the Dungeon.
             The game lasted 01:02:23 (16291 turns).

porpoise the Thaumaturge (Deep Elf Conjurer)       Turns: 16291, Time: 01:02:23

Health: -3/63      AC:  7    Str:  7    XL:     11   Next: 28%
Magic:  4/29       EV: 30    Int: 26    God:    Vehumet [*.....]
Gold:   258        SH:  0    Dex: 13    Spells: 14/34 levels left

rFire   + . .      SeeInvis .   b - +0 hunting sling
rCold   . . .      Faith    .   (no shield)
rNeg    . . .      Spirit   .   M - +2 robe {Will+}
rPois   +          Reflect  .   I - +2 helmet
rElec   .          Harm     .   (no cloak)
rCorr   .          Rampage  .   (no gloves)
Will    +++..                   (no boots)
Stlth   +++.......              T - amulet of the acrobat
HPRegen 0.20/turn               e - ring of willpower
MPRegen 0.21/turn               c - ring of the Establishment {Wiz rPois rF+ Str+2}

@: acrobatic
A: no striking features
a: Renounce Religion


You were on level 10 of the Dungeon.
You worshipped Vehumet.
Vehumet was aware of your devotion.
You visited 2 branches of the dungeon, and saw 11 of its levels.

You collected 704 gold pieces.
You spent 446 gold pieces at shops.

Inventory:

Hand Weapons
 a - a +0 short sword
 b - a +0 hunting sling (weapon)
 g - a +1 mace of holy wrath
 N - a +2 falchion of flaming
Missiles
 f - 455 stones (quivered ammo)
 i - 83 sling bullets
 j - 6 javelins
 k - 21 poisoned darts
 r - 2 throwing nets
 s - 6 atropa-tipped darts
 Q - a curare-tipped dart
 R - a boomerang
Armour
 o - the +18 shield of the Gong {rElec rN+ Will+ EV-5}
   (You found it on level 8 of the Dungeon)

   It is deafeningly noisy when blocking attacks.
   EV:        It affects your evasion (-5).
   rElec:     It insulates you from electricity.
   rN:        It protects you from negative energy.
   Will:      It increases your willpower.
 t - +0 steam dragon scales
 C - a +1 ring mail of poison resistance
 I - a +2 helmet (worn)
 M - a +2 robe of willpower (worn)
Magical Staves
 y - a staff of air
Jewellery
 c - the ring of the Establishment (right hand) {Wiz rPois rF+ Str+2}
   (You found it on level 5 of the Dungeon)

   [ring of wizardry]

   It improves your spell success rate.
   Str:       It affects your strength (+2).
   rF:        It protects you from fire.
   rPois:     It protects you from poison.
 e - a ring of willpower (left hand)
 h - a +6 ring of dexterity
 u - a ring of positive energy
 G - a ring of protection from cold
 T - an amulet of the acrobat (around neck)
Wands
 m - a wand of polymorph (9)
 v - a wand of charming (14)
 E - a wand of iceblast (7)
 K - a wand of mindburst (18)
 L - a wand of digging (18)
Scrolls
 d - a scroll of fear {unknown}
 l - a scroll of torment {unknown}
 n - a scroll of acquirement {unknown}
 p - a scroll of fog
 q - a scroll of blinking
 w - a scroll of magic mapping {unknown}
 x - a scroll of vulnerability {unknown}
 D - a scroll of brand weapon {unknown}
 P - a scroll of enchant armour {unknown}
 S - a scroll of enchant weapon {unknown}
 U - 3 scrolls of identify
 V - 2 scrolls of teleportation
Potions
 z - a potion of mutation
 A - 2 potions of heal wounds
 B - a potion of cancellation
 F - 4 potions of curing
 J - a potion of resistance {unknown}
 O - a potion of haste


   Skills:
 - Level 5.0 Fighting
 - Level 7.0 Dodging
 + Level 6.4 Stealth
 - Level 12.0 Spellcasting
 + Level 8.1 Conjurations
 - Level 9.0 Hexes
 - Level 7.0 Translocations
 - Level 5.0 Evocations


You had 14 spell levels left.
You knew the following spells:

 Your Spells              Type           Power      Damage    Failure   Level
a - Magic Dart            Conj           100%       1d8       1%          1
b - Searing Ray           Conj           100%       2d8       1%          2
c - Fulminant Prism       Conj/Hex       28%        3d14      1%          4
d - Iskenderun's Mystic   Conj/Tloc      53%        2d11      1%          4
s - Iskenderun's Battles  Conj           55%        2d11      1%          5
w - Flame Wave            Conj/Fire      36%        3d8       2%          4

Your spell library contained the following spells:

 Spells                   Type           Power      Damage    Failure   Level
 Freeze                   Ice            60%        1d8       1%          1
 Ensorcelled Hibernation  Hex/Ice        78%        N/A       1%          2
 Dazzling Flash           Conj/Hex       100%       N/A       1%          3
 Gell's Gravitas          Tloc           25%        N/A       1%          3
 Lesser Beckoning         Tloc           51%        N/A       1%          3
 Mephitic Cloud           Conj/Pois/Air  29%        N/A       1%          3
 Teleport Other           Tloc           51%        N/A       1%          3
 Tukima's Dance           Hex            58%        N/A       1%          3
 Call Imp                 Summ           15%        N/A       2%          2
 Scorch                   Fire           30%        2d7       2%          2
 Spider Form              Tmut/Pois      7%         N/A       4%          3
 Iron Shot                Conj/Erth      18%        9d4       38%         6
 Summon Cactus Giant      Summ           7%         N/A       89%         6
 Spellforged Servitor     Conj/Summ      18%        N/A       91%         7


Dungeon Overview and Level Annotations

Branches:
Dungeon (10/15)            Temple (1/1) D:6             Orc (0/2) D:9
   Lair: D:8-11

Altars:
Ashenzari
Cheibriados
Elyvilon
Fedhas
Gozag
Hepliaklqana
Kikubaaqudgha
Makhleb
Nemelex Xobeh
Okawaru
Qazlal
Ru
Sif Muna
Trog
Uskayaw
Vehumet
Wu Jian
Xom
Yredelemnul
Zin
The Shining One

Shops:
D:5 *   D:8 :

Annotations:
D:5 2 runed translucent doors, blank1's ghost, novice TrMo
D:7 4 transporters, Dittersdorf's ghost, novice GrFi


Message History

The flame wave engulfs the death yak!
Flame seeps out of the death yak.
The death yak is heavily wounded.
The flame wave engulfs the death yak!
Flame seeps out of the death yak.
The death yak is moderately wounded.
The death yak is engulfed in blazing flames.
Flame seeps out of the death yak.
The death yak is engulfed in blazing flames.
Flame seeps out of the death yak.
The death yak barely misses you.
The death yak is engulfed in blazing flames.
Flame seeps out of the death yak.
The death yak is engulfed in blazing flames.
Flame seeps out of the death yak.
The death yak is engulfed in blazing flames.
Flame seeps out of the death yak.
The death yak gores you but does no damage.
Unknown command.
A wave of flame ripples out!
The flame wave engulfs the death yak!
Flame seeps out of the death yak.
The death yak is almost dead.
The flame wave engulfs the death yak!
Vehumet accepts your kill.
The flame wave engulfs the death yak.
Flame seeps out of the death yak.
The death yak is lightly wounded.
The flame wave engulfs the death yak.
Flame seeps out of the death yak.
The death yak is moderately wounded.
The flame wave engulfs the death yak!
Flame seeps out of the death yak.
The death yak is severely wounded.
The flame wave engulfs the death yak!
Flame seeps out of the death yak.
The death yak is severely wounded.
The flame wave engulfs the death yak!!
Flame seeps out of the death yak.
The death yak is moderately wounded.
You finish channelling waves of flame.
The death yak explodes!
The fiery explosion engulfs the death yak!!
Flame seeps out of the death yak.
The death yak is severely wounded.
The fiery explosion engulfs the death yak!!
Vehumet accepts your kill.
You feel your power returning. The fiery explosion engulfs you!! You resist.
You die...

+........###..#.#......
#.......##.##..........
#........#.#...........
#......................
#..........##.......... #.
#......................
#.##.##.................÷...
###.≈≈.##≈≈##.................
...#≈≈≈≈#≈≈≈≈#@######......[...
....≈≈≈≈≈≈≈≈§Y°°# #......÷...
....≈≈≈≈≈≈≈≈§YYY# #..........
##≈≈≈≈≈≈≈≈≈≈§§§Y# #.)...#.###
#≈≈≈≈≈≈≈≈≈≈o≈≈#.# #.....#.###
##≈≈≈≈≈≈≈≈o≈≈...# #.....<....
##≈≈≈≈≈≈≈≈≈≈###### ########+##
#≈≈≈≈≈≈≈≈≈≈## ≈≈≈≈≈≈≈≈≈≈##


You could see 5 death yaks.

Vanquished Creatures
  2 two-headed ogres (D:9)
  2 death yaks (D:10)
  A cyclops (D:8)
  Joseph (D:8)
  2 vault sentinels (D:8)
  An efreet (D:8)
  An unseen horror (D:10)
  A troll (D:9)
  2 wraiths
  10 yaks
  A vampire mosquito (D:10)
  3 steam dragons
  Menkaure (D:4)
  2 water moccasins
  2 orc warriors
  3 sky beasts
  A black bear (D:2)
  2 ogres
  2 necrophages
  A boggart (D:5)
  4 centaurs
  6 kobold brigands
  2 bullfrogs
  A wyvern zombie (D:5)
  3 scorpions
  A gnoll sergeant (D:9)
  A water moccasin skeleton (D:5)
  7 killer bees
  An electric eel (D:10)
  2 howler monkeys
  3 centaur zombies
  2 jellies (D:6)
  A bullfrog skeleton (D:7)
  2 hounds
  4 orc priests
  2 centaur skeletons
  A gnoll shaman (D:4)
  Jessica (D:2)
  Ijyb (D:5)
  5 iguanas
  4 orc wizards
  2 killer bee zombies
  2 howler monkey zombies
  20 gnolls
  5 adders
  2 dart slugs
  18 orcs
  2 endoplasms
  7 giant cockroaches
  7 goblins
  15 hobgoblins
  2 jackals (D:3)
  5 quokkas
  2 ball pythons
  5 bats
  3 frilled lizards
  48 kobolds
  6 rats
  A fulminant prism (D:10)
247 creatures vanquished.

Vanquished Creatures (others)
  A butterfly (D:7)
  43 fulminant prisms
  6 plants (D:7)
50 creatures vanquished.

Grand Total: 297 creatures vanquished

Notes
Turn   | Place    | Note
-------+----------+-------------------------------------------
     0 | D:1      | porpoise the Deep Elf Conjurer began the quest for the Orb.
     0 | D:1      | Reached XP level 1. HP: 10/10 MP: 6/6
   307 | D:1      | Reached XP level 2. HP: 15/15 MP: 2/8
   361 | D:1      | Learned a level 2 spell: Searing Ray
   875 | D:1      | Reached skill level 4 in Spellcasting
   875 | D:1      | Reached skill level 5 in Conjurations
   875 | D:1      | Reached XP level 3. HP: 19/19 MP: 5/10
  1125 | D:2      | Noticed a black bear
  1573 | D:2      | Noticed Jessica
  1574 | D:2      | Killed Jessica
  1575 | D:2      | Reached XP level 4. HP: 24/24 MP: 8/12
  1582 | D:2      | Learned a level 4 spell: Fulminant Prism
  1587 | D:2      | Learned a level 4 spell: Iskenderun's Mystic Blast
  1681 | D:2      | You fall into a shaft and drop 1 floor!
  1871 | D:2      | Reached skill level 5 in Spellcasting
  1871 | D:2      | Reached skill level 1 in Hexes
  2024 | D:2      | Found a faded altar of an unknown god.
  2762 | D:3      | Reached XP level 5. HP: 21/28 MP: 9/14
  2931 | D:3      | Reached skill level 6 in Spellcasting
  2937 | D:3      | Reached XP level 6. HP: 13/32 MP: 1/17
  3709 | D:3      | Reached skill level 7 in Spellcasting
  3709 | D:3      | Reached skill level 5 in Hexes
  3955 | D:3      | Reached skill level 1 in Translocations
  3955 | D:3      | Reached XP level 7. HP: 24/36 MP: 11/19
  4738 | D:3      | Learned a level 5 spell: Iskenderun's Battlesphere
  5366 | D:4      | Noticed Menkaure
  5369 | D:4      | Killed Menkaure
  5521 | D:4      | Found an opulent altar of Gozag.
  5626 | D:4      | Found a blossoming altar of Fedhas.
  5662 | D:4      | Reached XP level 8. HP: 41/41 MP: 11/20
  6006 | D:5      | Entered Level 5 of the Dungeon
  6013 | D:5      | Reached skill level 5 in Translocations
  6212 | D:5      | Found a stormy altar of Qazlal.
  6275 | D:5      | Found a hazy altar of Hepliaklqana.
  6613 | D:5      | Noticed Eustachio
  6614 | D:5      | Noticed Eustachio
  6614 | D:5      | Eustachio changed into Eustachio the boggart
  6630 | D:5      | Killed Eustachio the boggart
  6668 | D:5      | Found a runed translucent door.
  6670 | D:5      | Noticed blank1's ghost (novice TrMo)
  6742 | D:5      | Reached skill level 8 in Spellcasting
  6941 | D:5      | Found Hoeseuts's General Store.
  6943 | D:5      | Found a runed translucent door.
  6965 | D:5      | Noticed Ijyb
  6970 | D:5      | Reached skill level 1 in Fighting
  6973 | D:5      | Killed Ijyb
  7173 | D:5      | Reached skill level 9 in Spellcasting
  7537 | D:5      | Identified the ring of the Establishment {Wiz rPois rF+
                  | Str+2}
  7757 | D:6      | Reached XP level 9. HP: 51/51 MP: 15/24
  8136 | D:6      | Reached skill level 5 in Fighting
  8657 | D:5      | Bought a scroll of identify for 26 gold pieces
  8911 | D:6      | Found a staircase to the Ecumenical Temple.
  8929 | Temple   | Entered the Ecumenical Temple
  8986 | Temple   | Became a worshipper of Vehumet
  9638 | D:7      | Noticed an angel
  9639 | D:7      | Found a glowing silver altar of Zin.
  9639 | D:7      | Found a shimmering altar of Xom.
  9777 | D:7      | Reached skill level 5 in Dodging
  9977 | D:7      | Found a transporter.
  9989 | D:7      | Found a broken altar of Ashenzari.
 10088 | D:7      | Found a shimmering blue altar of Sif Muna.
 10429 | D:7      | Found a white marble altar of Elyvilon.
 10447 | D:7      | Reached XP level 10. HP: 26/59 MP: 10/25
 10686 | D:7      | Found a transporter.
 10690 | D:7      | Noticed a two-headed ogre
 10693 | D:7      | Noticed a brown ugly thing
 10694 | D:7      | Noticed a two-headed ogre
 10696 | D:7      | Found a transporter.
 10696 | D:7      | Noticed a manticore
 10711 | D:7      | Found a sparkling altar of Nemelex Xobeh.
 10800 | D:7      | Identified the amulet of Leaves {Spirit Slay+2}
 10808 | D:7      | Noticed Dittersdorf's ghost (novice GrFi)
 10808 | D:7      | Identified the +1 scale mail "Udeplye" {rElec Str+8 Slay-6}
 10824 | D:7      | Found a transporter.
 11203 | D:8      | Found Yptokk's Book Shop.
 11211 | D:8      | Bought a book of Scorching for 420 gold pieces
 11216 | D:8      | Learned a level 4 spell: Flame Wave
 11225 | D:8      | Reached skill level 1 in Evocations
 11262 | D:8      | Noticed Joseph
 12111 | D:8      | Reached skill level 10 in Spellcasting
 12246 | D:8      | Reached * piety under Vehumet
 12246 | D:8      | Offered knowledge of Freeze by Vehumet.
 12885 | D:8      | Killed Joseph
 12887 | D:8      | Noticed a cyclops
 13180 | D:8      | Killed a cyclops
 13408 | D:8      | Found an ancient bone altar of Kikubaaqudgha.
 13737 | D:8      | Noticed a vault sentinel
 13737 | D:8      | Found the +18 shield of the Gong {rElec rN+ Will+ EV-5}
 13739 | D:8      | Noticed a vault sentinel
 13750 | D:8      | Killed a vault sentinel
 13751 | D:8      | Reached skill level 11 in Spellcasting
 13752 | D:8      | Killed a vault sentinel
 13753 | D:8      | Reached skill level 5 in Evocations
 14198 | D:9      | Found a staircase to the Orcish Mines.
 14478 | D:9      | Noticed a two-headed ogre
 14484 | D:9      | Killed a two-headed ogre
 14485 | D:9      | Reached skill level 12 in Spellcasting
 14755 | D:9      | Reached skill level 5 in Stealth
 14982 | D:9      | Noticed a two-headed ogre
 14987 | D:9      | Killed a two-headed ogre
 14988 | D:9      | Reached XP level 11. HP: 63/63 MP: 20/29
 15076 | D:9      | Found an iron altar of Okawaru.
 15774 | D:10     | Entered Level 10 of the Dungeon
 16263 | D:10     | Noticed a death yak
 16264 | D:10     | Noticed a death yak
 16264 | D:10     | Noticed a death yak
 16264 | D:10     | Noticed a death yak
 16265 | D:10     | Noticed a death yak
 16266 | D:10     | Noticed a death yak
 16268 | D:10     | Noticed a death yak
 16268 | D:10     | Noticed a death yak
 16291 | D:10     | Killed a death yak
 16291 | D:10     | Killed a death yak
 16291 | D:10     | Killed by an exploding death yak... ignited by their inner
                  | flame

Illustrated notes

Levels and vault maps discovered:
D:1:      wander_arrival_lonely_grave, layout_basic
D:2:      layout_loops_corners, ebering_ecumenical_altar_sacrificial,
          uniq_jessica
D:3:      minmay_goblin_kobold_castle, layout_loops_cross,
          minmay_goblin_kobold_house
D:4:      layout_rooms, mainiacjoe_overflow_small_starburst,
          lemuel_coloured_pillars_altar, kennysheep_pointless_box,
          kennysheep_generic_room_10, uniq_menkaure
D:5:      minmay_clustersquares, layout_rooms, lemuel_tele_altar,
          lemuel_round_altar, serial_shops, shop, ebering_ghost_sewer_f,
          uniq_eustachio, uniq_ijyb
D:6:      layout_basic, minmay_temple_entry_junction
D:7:      layout_basic, grunt_temple_overflow_order_and_chaos_1,
          overflow_temple_1_default, gammafunk_temple_overflow_arena,
          ashenzari_altar_1, nicolae_elyvilon_peaceful_grove,
          gammafunk_ghost_gnarly_gnolls
D:8:      layout_basic, general_overflow_altar, serial_shops, shop,
          mrwooster_statue_mirror, wad_floor_pattern_2,
          hellmonk_guarded_unrand_gong, uniq_joseph
D:9:      layout_long_grid, mainiacjoe_overflow_cross_hatched, orc_0_dummy
D:10:     layout_basic, grunt_dithmenos_smoke, dpeg_lair_monsters,
          nrook_mini_backslash, minmay_between
Temple:   kb_temple_of_zot

Skill      XL: |  1  2  3  4  5  6  7  8  9 10 11 |
---------------+----------------------------------+-----
Spellcasting   | 4 5 6 7 9 12 | 12.0
Conjurations   | 5 7 8 |  8.1
Hexes          | 2 4 5 7 8 9 |  9.0
Translocations | 1 4 5 7 |  7.0
Fighting       | 3 5 |  5.0
Dodging        | 6 7 |  7.0
Evocations     | 5 |  5.0
Stealth        | 6 |  6.4

Action                   |  1- 3 |  4- 6 |  7- 9 | 10-12 || total
-------------------------+-------+-------+-------+-------++-------
Melee: Unarmed           |       |     7 |       |       ||     7
 Fire: Hunting sling     |       |    11 |    63 |    19 ||    93
 Cast: Magic Dart        |    41 |    34 |    26 |   131 ||   232
       Searing Ray       |     6 |    20 |    51 |     7 ||    84
       Fulminant Prism   |       |       |    24 |    20 ||    44
       Iskenderun's Myst |       |       |    14 |     6 ||    20
       Iskenderun's Batt |       |       |     2 |    33 ||    35
       Flame Wave        |       |       |       |     1 ||     1
Evoke: Wand              |       |       |     1 |     1 ||     2
  Use: Scroll            |       |     3 |     8 |     7 ||    18
       Potion            |       |     2 |       |     2 ||     4
Armor: Robe              |       |     5 |     3 |    24 ||    32
       Skin              |       |    26 |       |       ||    26
       Steam dragon scal |       |       |     4 |       ||     4
Dodge: Dodged            |     1 |    16 |    20 |    72 ||   109

Table legend: (Time is in decaauts)
 A = Elapsed time spent in this place.
 B = Non-inter-level travel time spent in this place.
 C = Inter-level travel time spent in this place.
 D = Time resting spent in this place.
 E = Time spent auto-exploring this place.
 F = Levels seen in this place.
 G = Mean time per level.
                   A        B        C        D        E       F      G
               +--------+--------+--------+--------+--------+-----+--------+
         Total |  16342 |  15610 |    732 |   8036 |   5738 |  11 | 1485.6 |
       Dungeon |  16252 |  15552 |    700 |   8036 |   5694 |  10 | 1625.2 |
        Temple |     89 |     57 |     32 |      0 |     44 |   1 |   89.0 |
               +--------+--------+--------+--------+--------+-----+--------+

Top non-repeatable levels by time:
     D:3: 2690 daAuts
     D:8: 2542 daAuts
     D:7: 2190 daAuts
     D:5: 1891 daAuts
     D:6: 1520 daAuts
     D:9: 1415 daAuts
     D:2: 1286 daAuts
     D:1: 1103 daAuts
     D:4: 1079 daAuts
    D:10: 533 daAuts
  Temple: 89 daAuts
